 Dungeon Crawl Stone Soup version 0.21.0-3-g78d12a8 (webtiles) character file.

8330 Lovchig the Cleaver (level 11, -13/99 HPs)
             Began as a Deep Dwarf Fighter on Jan 14, 2018.
             Was a Believer of Makhleb.
             Mangled by a freezing wraith (21 damage)
             ... led by a death knight
             ... on level 9 of the Dungeon.
             The game lasted 00:22:17 (6226 turns).

Lovchig the Cleaver (Deep Dwarf Fighter)            Turns: 6226, Time: 00:22:18

Health: -13/99     AC: 13    Str: 22    XL:     11   Next: 8%
Magic:  0/0        EV:  9    Int: 10    God:    Makhleb [**....]
Gold:   532        SH:  0    Dex: 12    Spells: 10/10 levels left

rFire    + . .     SeeInvis .   a - +0 war axe
rCold    . . .     Gourm    .   c - +0 shield
rNeg     . . .     Faith    .   q - +0 chain mail {rF+}
rPois    +         Spirit   .   (no helmet)
rElec    .         Reflect  .   n - +1 cloak
rCorr    .         Harm     .   (no gloves)
MR       .....     Rnd*Rage +   (no boots)
Stlth    ..........             (no amulet)
HPRegen  0.00/turn              (no ring)
MPRegen  0.07/turn              (no ring)

@: confused, vulnerable, very slightly contaminated, non-regenerating, slowed,
invisible, very slow
A: damage resistance, heal wounds, berserk 1, sense surroundings 2, poison
resistance, no regeneration
a: Heal Wounds, Minor Destruction, Renounce Religion


You were on level 9 of the Dungeon.
You worshipped Makhleb.
Makhleb was pleased with you.
You were hungry.

You visited 2 branches of the dungeon, and saw 10 of its levels.

You collected 532 gold pieces.

Inventory:

Hand Weapons
 a - a +0 war axe (weapon)
Armour
 c - a +0 shield (worn)
 n - a +1 cloak (worn)
 q - a +0 chain mail of fire resistance (worn)
Wands
 t - a wand of paralysis (19)
 w - a wand of random effects (14)
 y - a wand of digging (14)
Scrolls
 e - a scroll of amnesia
 r - 2 scrolls of teleportation
 s - 2 scrolls of remove curse
 u - a scroll of fog
 x - 2 scrolls of magic mapping
 A - 2 scrolls of identify
Potions
 b - 4 potions of lignification
 d - a potion of might
 g - a potion of agility
 h - 2 potions of brilliance
 k - 2 potions of flight
 m - a potion of ambrosia
 p - a potion of cancellation
 v - 2 potions of invisibility
 z - a potion of haste
Comestibles
 f - 7 rations
 j - 7 chunks of flesh


   Skills:
 * Level 6.6 Fighting
 * Level 11.5 Axes
 * Level 9.0 Armour
 * Level 6.1 Dodging
 * Level 8.7 Shields


You had 10 spell levels left.
You didn't know any spells.

Dungeon Overview and Level Annotations

Branches:
Dungeon (9/15)             Temple (1/1) D:5
   Lair: D:8-11         Orc: D:9-12

Altars:
Ashenzari
Cheibriados
Dithmenos
Elyvilon
Fedhas
Gozag
Hepliaklqana
Kikubaaqudgha
Makhleb
Nemelex Xobeh
Okawaru
Qazlal
Ru
Sif Muna
Trog
Uskayaw
Vehumet
Wu Jian
Xom
Yredelemnul
Zin
The Shining One

Shops:
D:4 %   D:7 !


Innate Abilities, Weirdness & Mutations

You are resistant to damage.
You can heal yourself by infusing magical energy.
You passively map the area around you.
You do not regenerate.
You tend to lose your temper in combat.
Your system is resistant to poisons. (rPois)


Message History

You are very lightly contaminated with residual magic.
You are confused.
You feel invigorated. The phantasmal warrior hits you!
* * * LOW HITPOINT WARNING * * *
Your magical defenses are stripped away!
The freezing wraith hits you!
* * * LOW HITPOINT WARNING * * *
The freezing wraith freezes you!
* * * LOW HITPOINT WARNING * * *
The freezing wraith hits you.
* * * LOW HITPOINT WARNING * * *
The freezing wraith drains your vigour!
You feel as though you will be slow longer.
Unknown command.
You barely miss the phantasmal warrior.
The phantasmal warrior is heavily damaged.
You hit the freezing wraith but do no damage.
The phantasmal warrior closely misses you.
The freezing wraith hits you. The freezing wraith freezes you!!
You die...

, , ,
.........######..* ,
.................* , ,
. * ####...######... ,
.. #...# ,... * #...# ,
.... ,* #...# * , ,
,,....W #...######.. ,
,
......######...........
,
.....WWW@W.....########
, .....#########.# *
... #.# , ., , #.# ,* ,
, #.# * , ,, ,, #.. , ,
, , ... , , , , , ,,...
,, * **


You could see 2 phantasmal warriors, a freezing wraith and a wraith.

Vanquished Creatures
  A death knight (D:9)
  A two-headed ogre (D:8)
  The ghost of Lovchig the Cleaver, a novice DDFi of Makhleb (D:7)
  The ghost of BonjourVileCrotch the Destroyer, a novice GrFE of Vehumet (D:9)
  The ghost of Lovchig the Cleaver, a novice DDFi of Makhleb (D:5)
  The ghost of buskinjo the Cleaver, a novice MiBe of Trog (D:8)
  An ugly thing (D:7)
  Psyche (D:8)
  A troll (D:8)
  A hornet (D:8)
  4 slime creatures (D:9)
  A wyvern (D:8)
  A wraith (D:8)
  Duvessa (D:5)
  An ice beast (D:5)
  2 phantoms
  3 sky beasts
  3 necrophages (D:8)
  3 centaurs
  6 bullfrogs
  Dowan (D:5)
  2 wights (D:8)
  A troll skeleton (D:8)
  3 howler monkeys (D:9)
  3 crimson imps
  A jelly (D:6)
  A bullfrog zombie (D:6)
  3 human zombies (D:8)
  6 orc wizards
  A bullfrog skeleton (D:7)
  A hound (D:5)
  5 orc priests
  A human skeleton (D:8)
  A centaur skeleton (D:6)
  3 iguanas
  4 worker ants
  A killer bee zombie (D:8)
  A hound zombie (D:6)
  A mummy (D:8)
  4 gnolls (D:5)
  11 adders
  An adder zombie (D:6)
  2 worms
  A dart slug (D:1)
  4 leopard geckos
  27 orcs
  11 bats
  5 giant cockroaches
  5 goblins
  7 hobgoblins
  15 jackals
  7 quokkas
  2 ball pythons
  6 frilled lizards
  A jackal skeleton (D:6)
  4 kobolds
  A quokka skeleton (D:6)
  13 rats
202 creatures vanquished.

Notes
Turn   | Place    | Note
-------+----------+-------------------------------------------
     0 | D:1      | Lovchig the Deep Dwarf Fighter began the quest for the Orb.
     0 | D:1      | Reached XP level 1. HP: 20/20 MP: 1/1
    60 | D:1      | Reached XP level 2. HP: 27/27 MP: 2/2
   122 | D:1      | Found a sparkling altar of Nemelex Xobeh.
   300 | D:1      | Reached XP level 3. HP: 31/34 MP: 3/3
   630 | D:2      | Reached skill level 1 in Dodging
   858 | D:2      | Found a hazy altar of Hepliaklqana.
   932 | D:2      | Reached skill level 3 in Axes
   947 | D:2      | Reached XP level 4. HP: 24/42 MP: 4/4
  1055 | D:2      | Gained mutation: You tend to lose your temper in combat. [potion of mutation]
  1055 | D:2      | Gained mutation: Your system is resistant to poisons. (rPois) [potion of mutation]
  1403 | D:3      | Reached XP level 5. HP: 21/49 MP: 5/5
  1617 | D:3      | Found a shadowy altar of Dithmenos.
  1680 | D:3      | Found an opulent altar of Gozag.
  1686 | D:3      | Found a hide-covered altar of Uskayaw.
  1951 | D:4      | Reached skill level 4 in Axes
  1995 | D:4      | Found Bofod's Food Shoppe.
  2084 | D:4      | Reached XP level 6. HP: 44/56 MP: 5/5
  2752 | D:4      | Reached skill level 5 in Axes
  2762 | D:4      | Found a shimmering altar of Xom.
  2923 | D:5      | Entered Level 5 of the Dungeon
  3089 | D:5      | Found an opulent altar of Gozag.
  3133 | D:5      | Found a staircase to the Ecumenical Temple.
  3154 | D:5      | Reached skill level 5 in Shields
  3169 | D:5      | Reached XP level 7. HP: 61/63 MP: 5/5
  3179 | Temple   | Entered the Ecumenical Temple
  3220 | Temple   | Became a worshipper of Makhleb the Destroyer
  3243 | D:5      | Noticed Lovchig's ghost (novice DDFi)
  3274 | D:5      | Killed Lovchig's ghost
  3274 | D:5      | Reached skill level 6 in Axes
  3292 | D:5      | Reached XP level 8. HP: 72/72 MP: 4/4
  3304 | D:5      | Reached skill level 5 in Armour
  3373 | D:5      | Noticed Duvessa
  3373 | D:5      | Noticed Dowan
  3388 | D:5      | Killed Duvessa
  3388 | D:5      | Reached skill level 7 in Axes
  3402 | D:5      | Killed Dowan
  3860 | D:6      | Reached skill level 8 in Axes
  3976 | D:6      | Reached skill level 5 in Fighting
  3976 | D:6      | Gained mutation: You passively map the area around you. [Deep Dwarf growth]
  3976 | D:6      | Reached XP level 9. HP: 34/81 MP: 5/5
  4052 | D:6      | Reached * piety under Makhleb
  4098 | D:6      | Found a shimmering altar of Xom.
  4542 | D:7      | Found Sali's Distillery.
  4621 | D:7      | Found a shimmering altar of Xom.
  4686 | D:7      | Noticed a green ugly thing
  4738 | D:7      | Killed a green ugly thing
  4738 | D:7      | Reached skill level 9 in Axes
  4749 | D:7      | Noticed Lovchig's ghost (novice DDFi)
  4817 | D:7      | Killed Lovchig's ghost
  5015 | D:7      | Found a sparkling altar of Nemelex Xobeh.
  5095 | D:8      | Noticed Psyche
  5106 | D:8      | Killed Psyche
  5110 | D:8      | Noticed a two-headed ogre
  5135 | D:8      | Killed a two-headed ogre
  5135 | D:8      | Reached skill level 5 in Dodging
  5135 | D:8      | Reached XP level 10. HP: 76/91 MP: 4/4
  5209 | D:8      | Found an ornate altar of the Wu Jian Council.
  5211 | D:8      | Found a bloodstained altar of Trog.
  5229 | D:8      | Reached skill level 10 in Axes
  5271 | D:8      | Found a basalt altar of Yredelemnul.
  5430 | D:8      | Paralysed by a hornet for 3 turns
  5436 | D:8      | Paralysed by a hornet for 1 turns
  5465 | D:8      | Reached ** piety under Makhleb
  5815 | D:8      | Noticed buskinjo's ghost (novice MiBe)
  5841 | D:8      | Killed buskinjo's ghost
  6079 | D:9      | Noticed BonjourVileCrotch's ghost (novice GrFE)
  6102 | D:9      | Killed BonjourVileCrotch's ghost
  6102 | D:9      | Reached skill level 11 in Axes
  6160 | D:9      | Reached XP level 11. HP: 79/99 MP: 1/1
  6193 | D:9      | Noticed a death knight
  6194 | D:9      | Noticed a phantasmal warrior
  6199 | D:9      | Noticed a phantasmal warrior
  6218 | D:9      | Killed a death knight
  6225 | D:9      | HP: 4/99 [freezing wraith[a death knight] (2)]
  6226 | D:9      | Mangled by a freezing wraith

Skill      XL: |  1  2  3  4  5  6  7  8  9 10 |
---------------+-------------------------------+-----
Fighting       | 3 4 5 6 |  6.6
Dodging        | 1 2 3 4 5 6 |  6.1
Axes           | 3 4 5 6 8 9 11 | 11.5
Shields        | 4 5 6 7 8 |  8.7
Armour         | 4 5 7 9 |  9.0

Action                   |  1- 3 |  4- 6 |  7- 9 | 10-12 || total
-------------------------+-------+-------+-------+-------++-------
Melee: War axe           |   139 |   258 |   322 |   249 ||   968
 Abil: Heal Wounds       |     1 |     4 |    18 |    10 ||    33
  Use: Scroll            |     2 |     6 |    11 |     3 ||    22
       Potion            |       |     1 |       |    10 ||    11
  Eat: Chunk             |       |     8 |     7 |     4 ||    19
Armor: Scale mail        |    38 |       |       |       ||    38
       Chain mail        |    30 |   222 |   129 |    95 ||   476
Dodge: Dodged            |    41 |    90 |    75 |    83 ||   289
Block: Shield            |    83 |   189 |   167 |   151 ||   590
